 Dungeon Crawl Stone Soup version 0.32-a0-172-gc5dd13f2a7 (webtiles) character file.

Game seed: 6184154088606145717

669 inqbanana the Trooper (level 7, 0/72 HPs)
             Began as an Oni Gladiator on Feb 13, 2024.
             Was a Priest of Qazlal.
             Slain by a gnoll
             ... wielding a +0 spear
              (5 damage)
             ... on level 4 of the Dungeon.
             The game lasted 00:08:43 (3337 turns).

inqbanana the Trooper (Oni Gladiator)               Turns: 3337, Time: 00:08:44

Health: 0/72       AC:  4    Str: 19    XL:     7   Next: 58%
Magic:  10/10      EV: 11    Int: 11    God:    Qazlal [***...]
Gold:   178        SH:  4    Dex: 16    Spells: 6/6 levels left

rFire   . . .        a - +0 war axe
rCold   . . .        (no shield)
rNeg    . . .        b - +0 robe
rPois   .            c - +1 hat
rElec   .            (no cloak)
rCorr   .            (gloves unavailable)
SInv    +            (boots unavailable)
Will    .....        (no amulet)
Stlth   +            s - +6 ring of dexterity
HPRegen 0.32/turn    n - ring of see invisible
MPRegen 0.12/turn

%: no passive effects
@: no status effects
A: large, unfitting armour, horns 1, tough skin 1, double potion healing,
drunken brawling
a: Renounce Religion, Upheaval, Elemental Force


You were on level 4 of the Dungeon.
You worshipped Qazlal.
Qazlal was most pleased with you.
You visited 1 branch of the dungeon, and saw 4 of its levels.

You collected 178 gold pieces.

Inventory:

Hand Weapons
 a - a +0 war axe (weapon)
 q - the +8 hammer "Noplaojo" {elec, ^Contam rPois rN+}
   (You found it on level 4 of the Dungeon)

   rPois:     It protects you from poison rN+: It protects you from negative
   energy.
   ^Contam:   It causes magical contamination when unequipped.
Missiles
 d - 3 throwing nets (quivered)
 e - a large rock
Armour
 b - a +0 robe (worn)
 c - a +1 hat (worn)
 p - a +0 cloak
Jewellery
 m - a ring of ice
 n - a ring of see invisible (right hand)
 s - a +6 ring of dexterity (left hand)
Wands
 h - a wand of polymorph (8)
 t - a wand of flame (9)
Scrolls
 f - 4 scrolls of teleportation
 i - 3 scrolls of immolation
 j - 3 scrolls of identify
 l - a scroll of enchant weapon
Potions
 g - a potion of enlightenment
 o - 3 potions of curing


   Skills:
 + Level 5.0 Fighting
 + Level 4.8 Axes
 - Level 2.0 Throwing
 + Level 2.6 Armour
 + Level 3.9 Dodging
 * Level 5.0 Invocations


You had 6 spell levels left.
You didn't know any spells.
Your spell library contained the following spells:

 Spells                   Type           Power      Damage    Failure   Level
 Apportation              Tloc           0%         N/A       34%         1
 Necrotise                Necr           0%         1d4       34%         1
 Sting                    Conj/Alch      0%         1d3       34%         1
 Summon Small Mammal      Summ           0%         N/A       34%         1
 Tukima's Dance           Hex            0%         N/A       71%         3
 Passage of Golubria      Tloc           0%         N/A       98%         4
 Yara's Violent Unravell  Hex/Alch       0%         3d3       100%        5


Dungeon Overview and Level Annotations

Branches:
Dungeon (4/15)             Temple (0/1) D:4

Altars:
Cheibriados
Gozag
Qazlal
Uskayaw
Vehumet

Shops:
D:2 (


Innate Abilities, Weirdness & Mutations

You are too large for most types of armour.
You have a pair of small horns on your head.
You have tough skin. (AC +1)
You gain doubled healing and magic from potions.
Whenever you drink a healing potion, you attack all around you.


Message History

The gnoll hits you with a +0 flail!
The gnoll hits you from afar with a +0 spear.
You hit the gnoll but do no damage.
The gnoll is severely wounded.
You block the gnoll's attack.
The gnoll hits you from afar with a +0 spear.
You closely miss the gnoll.
The gnoll is severely wounded.
The gnoll hits you with a +0 flail! The gnoll barely misses you.
The gnoll hits you from afar with a +0 spear.
The gnoll hits you with a +0 flail.
* * * LOW HITPOINT WARNING * * *
You take a swig of the potion and twirl your +0 war axe.
You barely miss the gnoll.
You headbutt the gnoll, but do no damage.
The gnoll is severely wounded.
You savour every drop.
You feel better. The gnoll closely misses you. x2
You barely miss the gnoll.
The gnoll is severely wounded.
The gnoll closely misses you.
The gnoll hits you from afar with a +0 spear.
You closely miss the gnoll. Your headbutt misses the gnoll.
The gnoll is severely wounded.
The gnoll barely misses you.
The gnoll hits you from afar with a +0 spear.
You slash the gnoll!
You kill the gnoll!
Qazlal accepts your kill.
The gnoll hits you from afar with a +0 spear!
* * * LOW HITPOINT WARNING * * *
Your Invocations skill increases to level 5!
The gnoll hits you from afar with a +0 spear.
* * * LOW HITPOINT WARNING * * *
The gnoll hits you with a +0 spear!
* * * LOW HITPOINT WARNING * * *
Items here: )) ††.
You hit the gnoll but do no damage. Your headbutt misses the gnoll.
The gnoll is moderately wounded.
The gnoll hits you from afar with a +0 spear.
You die...

####### #.## ##.#
#.....# ##.###.###
###.....#####.#.....
..#.......).........
#g#.....####..#####.
#g#.....# #..# #.
#.####### #..# #.
#.###O###### #..# #.
#....gg@...# #..#####.
####.#####.# #...)....
.....###.#####.#######
## #...).......#
#..##.#############
#.......# #.......
######### #.####..
#.####.. #.#.....


You could see an ogre and 2 gnolls.

Vanquished Creatures
  Grinder (D:3)
  Duvessa (D:4)
  Dowan (D:4)
  Crazy Yiuf (D:4)
  A bombardier beetle (D:3)
  An iguana (D:4)
  Natasha (twice) (D:3)
  Robin (D:3)
  5 gnolls (D:4)
  3 adders
  2 ribbon worms (D:3)
  5 dart slugs
  4 orcs (D:4)
  9 bats
  7 endoplasms
  15 goblins
  7 hobgoblins
  3 jackals (D:2)
  3 quokkas
  6 ball pythons
  2 frilled lizards
  5 kobolds
  4 rats
89 creatures vanquished.

Notes
Turn   | Place    | Note
-------+----------+-------------------------------------------
     0 | D:1      | inqbanana the Oni Gladiator began the quest for the Orb.
     0 | D:1      | Reached XP level 1. HP: 22/22 MP: 1/1
   114 | D:1      | Reached XP level 2. HP: 29/29 MP: 2/2
   223 | D:1      | Found a faded altar of an unknown god.
   249 | D:1      | Prayed at the altar of an unknown god.
   249 | D:1      | Became a worshipper of Qazlal Stormbringer
   249 | D:1      | Reached * piety under Qazlal
   680 | D:1      | Reached XP level 3. HP: 37/37 MP: 3/3
   723 | D:1      | Reached skill level 1 in Invocations
   826 | D:2      | Found a hide-covered altar of Uskayaw.
   960 | D:2      | Found Fuympis's Antique Weapon Shoppe.
  1025 | D:2      | Reached ** piety under Qazlal
  1133 | D:2      | Identified the storm talisman "Leqaavve" {*Corrode +Blink
                  | Dex-4 Stlth+}
  1238 | D:2      | Reached skill level 1 in Armour
  1293 | D:2      | Reached XP level 4. HP: 45/45 MP: 5/5
  1452 | D:3      | Noticed Robin
  1460 | D:3      | Killed Robin
  1560 | D:3      | Found an opulent altar of Gozag.
  1562 | D:3      | Found a snail-covered altar of Cheibriados.
  1630 | D:3      | Identified the +3 ring mail of the Grinning Gods {-Tele
                  | Rampage rF+ Dex+3}
  1703 | D:3      | Reached XP level 5. HP: 35/54 MP: 6/6
  1811 | D:3      | Found a radiant altar of Vehumet.
  1826 | D:3      | Noticed Natasha
  1832 | D:3      | Killed Natasha
  2157 | D:3      | Noticed Grinder
  2169 | D:3      | Killed Grinder
  2170 | D:3      | Reached XP level 6. HP: 26/63 MP: 8/8
  2365 | D:3      | Noticed Natasha
  2369 | D:3      | Killed Natasha
  2537 | D:4      | Identified the +2 mace of Infinity {protect, +Blink rF-
                  | rN+}
  2557 | D:4      | Reached *** piety under Qazlal
  2580 | D:4      | Found a runed translucent door.
  2581 | D:4      | Noticed Crazy Yiuf
  2613 | D:4      | Noticed Duvessa
  2613 | D:4      | Noticed Dowan
  2635 | D:4      | Killed Duvessa
  2636 | D:4      | Reached XP level 7. HP: 71/71 MP: 10/10
  2642 | D:4      | Killed Dowan
  2682 | D:4      | Killed Crazy Yiuf
  2864 | D:4      | Identified the +8 hammer "Noplaojo" {elec, ^Contam rPois
                  | rN+}
  2901 | D:4      | Reached skill level 5 in Fighting
  3089 | D:4      | Found a staircase to the Ecumenical Temple.
  3336 | D:4      | Reached skill level 5 in Invocations
  3337 | D:4      | Slain by a gnoll

Illustrated notes

Levels and vault maps discovered:
D:1:      dpeg_arrival_tiny_h, layout_loops_ring,
          hellmonk_ecumenical_altar_lost_god, kennysheep_crisscross
D:2:      layout_rooms, serial_shops, nicolae_shop_trees, basic_altar
D:3:      layout_basic, mainiacjoe_overflow_alcove_2,
          chequers_temple_overflow_statue_of_worship, uniq_grinder, uniq_robin,
          uniq_natasha
D:4:      layout_loops_cross, mainiacjoe_overflow_boulevard,
          minmay_temple_entry_wispy, uniq_duvessa, uniq_crazy_yiuf_cottage

Skill      XL: |  1  2  3  4  5  6  7 |
---------------+----------------------+-----
Fighting       | 3 4 5 |  5.0
Invocations    | 1 2 3 4 5 |  5.0
Dodging        | 3 |  3.9
Armour         | 1 2 |  2.6
Axes           | 4 |  4.8
Throwing       | |  2.0

Action                     |  1- 3 |  4- 6 |  7- 9 || total
---------------------------+-------+-------+-------++-------
  Melee: War axe           |    82 |    96 |    50 ||   228
         Headbutt          |     4 |    18 |     8 ||    30
    Use: Potion            |       |     8 |     1 ||     9
         Scroll            |       |     6 |     1 ||     7
   Stab: Sleeping          |     1 |       |       ||     1
 Armour: Robe              |    63 |    52 |    43 ||   158
         Skin              |       |     9 |     2 ||    11
  Dodge: Dodged            |    49 |    60 |    26 ||   135
  Block: Other             |    12 |    15 |    11 ||    38

Table legend: (Time is in decaauts)
 A = Elapsed time spent in this place.
 B = Non-inter-level travel time spent in this place.
 C = Inter-level travel time spent in this place.
 D = Time resting spent in this place.
 E = Time spent auto-exploring this place.
 F = Levels seen in this place.
 G = Mean time per level.
                   A        B        C        D        E       F      G
               +--------+--------+--------+--------+--------+-----+--------+
         Total |   3414 |   3336 |     78 |    271 |   2408 |   4 |  853.5 |
       Dungeon |   3414 |   3336 |     78 |    271 |   2408 |   4 |  853.5 |
               +--------+--------+--------+--------+--------+-----+--------+

Top non-repeatable levels by time:
     D:3: 1024 daAuts
     D:4: 919 daAuts
     D:1: 839 daAuts
     D:2: 630 daAuts
